 Dungeon Crawl Stone Soup version 0.29-a0-72-g1732ff48e7 (webtiles) character file.

Game seed: 11177168678363733645

3316 dolemite99 the Cleaver (level 9, -9/63 HPs)
             Began as a Minotaur Chaos Knight on Feb 4, 2022.
             Was a Plaything of Xom.
             Mangled by Prince Ribbit (11 damage)
             ... on level 7 of the Dungeon.
             The game lasted 00:10:53 (12710 turns).

dolemite99 the Cleaver (Minotaur Chaos Knight)     Turns: 12710, Time: 00:10:53

Health: -9/63      AC: 14    Str: 21    XL:     9   Next: 71%
Magic:  8/8        EV:  6    Int: 13    God:    Xom [*.....]
Gold:   851        SH:  0    Dex: 12    Spells: 8/8 levels left

rFire   . . .      SeeInvis .   a - +7 flail (drain)
rCold   . . .      Faith    .   (no shield)
rNeg    . . .      Spirit   .   C - +0 plate armour
rPois   .          Reflect  .   (helmet restricted)
rElec   .          Harm     .   (no cloak)
rCorr   .          Rampage  .   M - +2 pair of gloves
Will    .....                   D - +2 pair of boots
Stlth   ..........              (no amulet)
HPRegen 0.20/turn               B - +6 ring of intelligence
MPRegen 0.11/turn               (no ring)

@: unable to read
A: horns 2, retaliatory headbutt, talons 1, agile 1, deformed body, dopey 1,
frail 1, sense surroundings 1, inability to read while threatened
a: Renounce Religion


You were on level 7 of the Dungeon.
You worshipped Xom.
You were a special plaything of Xom.
You visited 1 branch of the dungeon, and saw 7 of its levels.
You also visited: Sewer.

You collected 851 gold pieces.

Inventory:

Hand Weapons
 a - a +7 flail of draining (weapon)
 f - a +0 morningstar
 v - a +0 shortbow
 y - a +0 war axe
 z - a +0 hand axe of chaos
 E - a +0 whip of freezing
 J - a +4 hand axe
Missiles
 e - 3 throwing nets
 h - 31 poisoned darts (quivered)
 j - 252 stones
 l - 58 bolts
 m - 5 curare-tipped darts
 n - 7 boomerangs
 r - 105 arrows
 s - 32 sling bullets
Armour
 b - a +2 leather armour
 i - a +0 cloak
 t - an orb of energy
 u - +0 acid dragon scales
 x - a +0 scale mail
 C - a +0 plate armour (worn)
 D - a +2 pair of boots (worn)
 M - a +2 pair of gloves (worn)
Jewellery
 A - a ring of ice
 B - a +6 ring of intelligence (left hand)
 L - a ring of poison resistance
Wands
 c - a wand of mindburst (15)
 K - a wand of acid (8)
Scrolls
 d - a scroll of fear
 g - a scroll of amnesia
 o - a scroll of teleportation
 p - a scroll of fog
 q - a scroll of enchant armour
 w - a scroll of magic mapping
Potions
 k - a potion of might
 F - a potion of haste
 G - 2 potions of invisibility {unknown}
 H - a potion of berserk rage {unknown}
 I - a potion of heal wounds {unknown}


   Skills:
 - Level 3.6 Fighting
 - Level 13.7(14.5) Axes
 + Level 7.9(11.8) Maces & Flails
 - Level 5.7 Armour
 - Level 1.1 Dodging


You had 8 spell levels left.
You didn't know any spells.
Your spell library contained the following spells:

 Spells                   Type           Power      Damage    Failure   Level
 Summon Small Mammal      Summ           0%         N/A       100%        1
 Ensorcelled Hibernation  Hex/Ice        0%         N/A       100%        2
 Call Canine Familiar     Summ           0%         N/A       100%        3
 Portal Projectile        Hex/Tloc       0%         N/A       100%        3
 Spider Form              Tmut/Pois      0%         N/A       100%        3
 Summon Guardian Golem    Hex/Summ       0%         N/A       100%        3
 Anguish                  Hex/Necr       0%         N/A       100%        4
 Leda's Liquefaction      Hex/Erth       0%         N/A       100%        4


Dungeon Overview and Level Annotations

Branches:
Dungeon (7/15)             Temple (0/1) D:4           Sewer (visited)

Altars:
Ashenzari
Cheibriados
Dithmenos
Elyvilon
Ru
Vehumet
Xom
The Shining One

Shops:
D:1 [

Annotations:
D:7 Prince Ribbit


Innate Abilities, Weirdness & Mutations

You have a pair of horns on your head.
You reflexively headbutt those who attack you in melee.
You have sharp toenails.
You are agile. (Dex +2)
Armour fits poorly on your strangely shaped body.
You are dopey. (Int -2)
You are frail. (-10% HP)
You passively map a small area around you.
You sometimes lose the ability to read scrolls when taking damage.


Message History

You miss Prince Ribbit.
Prince Ribbit is lightly wounded. "The weather's been a little too boring around here."
Prince Ribbit hits you!
You barely miss Prince Ribbit. You headbutt Prince Ribbit.
Prince Ribbit is lightly wounded.
Prince Ribbit hits you.
You barely miss Prince Ribbit.
Prince Ribbit is lightly wounded.
Prince Ribbit hits you!
You feel threatened and lose the ability to read scrolls!
You miss Prince Ribbit. You headbutt Prince Ribbit.
Prince Ribbit is moderately wounded.
Prince Ribbit looks more healthy.
Prince Ribbit hits you but does no damage.
Prince Ribbit barely misses you.
You are too injured to fight recklessly!
You closely miss Prince Ribbit. You headbutt Prince Ribbit!
Prince Ribbit is severely wounded.
Prince Ribbit blinks!
You are too injured to fight recklessly!
You see here a scroll of enchant armour.
Prince Ribbit is nearby!
q - a scroll of enchant armour Prince Ribbit hits you! x2
* * * LOW HITPOINT WARNING * * *
You closely miss Prince Ribbit.
Prince Ribbit is severely wounded.
Prince Ribbit hits you!
* * * LOW HITPOINT WARNING * * *
You are too injured to fight recklessly!
You closely miss Prince Ribbit.
Prince Ribbit is severely wounded.
Prince Ribbit hits you but does no damage.
You closely miss Prince Ribbit. Your headbutt misses Prince Ribbit.
Prince Ribbit is severely wounded.
Prince Ribbit croaks regally.
Prince Ribbit hits you!
You die...
Xom laughs nastily!

###### ,.........# #
........(# # ,.........# #
..$..(.§§# #
,.(.....§§################
...(.(.§.§§§.............
........§################
.!..(..§F# ........@#
##########


You could see Prince Ribbit.

Vanquished Creatures
  Maggie (D:6)
  Sigmund (D:6)
  Edmund (D:6)
  A water moccasin (D:7)
  A sky beast (D:7)
  A black bear (D:6)
  A tengu (D:7)
  An ogre (D:6)
  2 necrophages
  A centaur (D:7)
  A lemure (D:7)
  Blork the orc (D:6)
  8 kobold brigands (Sewer)
  A bullfrog (D:6)
  A water moccasin zombie (D:5)
  A water moccasin skeleton (D:5)
  A vampire bat (D:4)
  A centaur zombie (D:5)
  4 hounds
  4 jellies
  A bullfrog zombie (D:5)
  3 orc priests
  A bullfrog skeleton (D:6)
  A gnoll shaman (D:6)
  2 iguanas (D:6)
  5 orc wizards
  A killer bee zombie (D:6)
  15 gnolls
  A howler monkey skeleton (D:7)
  6 adders
  3 river rats
  A white imp (D:6)
  2 ufetubi
  3 worms
  3 dart slugs
  25 orcs
  8 ball pythons
  8 bats
  9 endoplasms
  4 giant cockroaches
  5 goblins
  6 hobgoblins
  8 jackals
  5 kobolds
  2 quokkas
  7 frilled lizards
  7 rats
176 creatures vanquished.

Vanquished Creatures (collateral kills)
  2 kobold brigands (Sewer)
  A gnoll shaman (D:3)
  2 gnolls (D:3)
  A ball python (D:3)
  A rat (D:3)
7 creatures vanquished.

Vanquished Creatures (others)
  A butterfly (D:6)
1 creature vanquished.

Grand Total: 184 creatures vanquished

Notes
Turn   | Place    | Note
-------+----------+-------------------------------------------
     0 | D:1      | dolemite99 the Minotaur Chaos Knight began the quest for
                  | the Orb.
     0 | D:1      | Reached XP level 1. HP: 19/19 MP: 0/0
   134 | D:1      | Reached skill level 4 in Axes
   230 | D:1      | Reached XP level 2. HP: 20/26 MP: 1/1
   647 | D:1      | Found Osmo's Antique Armour Emporium.
   930 | D:2      | Reached skill level 5 in Axes
   999 | D:2      | Reached XP level 3. HP: 7/31 MP: 2/2
  1430 | D:2      | XOM: confuse monster(s)
  1906 | D:2      | XOM: butterfly on damage
  1930 | D:2      | XOM: potion effect (heal wounds)
  1931 | D:2      | Reached skill level 6 in Axes
  1931 | D:2      | Reached XP level 4. HP: 38/39 MP: 3/3
  1944 | D:2      | XOM: potion effect (haste)
  2470 | D:3      | Reached skill level 7 in Axes
  2470 | D:3      | Reached XP level 5. HP: 25/45 MP: 4/4
  2717 | D:3      | XOM: silly message
  2828 | D:3      | XOM: summons 5 friendly demons
  2893 | D:3      | XOM: scenery: create altars
  2922 | D:3      | XOM: scenery: create altars
  2931 | D:3      | XOM: fog
  2938 | D:3      | XOM: cast spell 'Disjunction'
  3561 | D:3      | Reached skill level 8 in Axes
  3687 | D:3      | Found a sacrificial altar of Ru.
  3720 | D:3      | XOM: noise
  3725 | D:3      | Reached XP level 6. HP: 51/51 MP: 5/5
  3729 | D:3      | XOM: god gift: 582 gold pieces
  4217 | D:3      | XOM: give mutations
  4217 | D:3      | Gained mutation: You passively map a small area around you.
                  | [Xom's grace]
  4217 | D:3      | Gained mutation: You have hidden genetic potential. [Xom's
                  | grace]
  4217 | D:3      | Gained mutation: Your muscles are strong. (Str +2) [Xom's
                  | grace]
  4217 | D:3      | Gained mutation: You are agile. (Dex +2) [Xom's grace]
  4578 | D:4      | XOM: 7-stop teleportation journey
  4740 | D:4      | XOM: divination: detect creatures
  4827 | D:4      | Found a staircase to the Ecumenical Temple.
  4881 | D:4      | Found a shadowy altar of Dithmenos.
  4902 | D:4      | Reached skill level 9 in Axes
  5196 | D:4      | Found a snail-covered altar of Cheibriados.
  5285 | D:5      | Entered Level 5 of the Dungeon
  6250 | D:5      | Reached XP level 7. HP: 46/57 MP: 6/6
  6398 | D:5      | Reached skill level 10 in Axes
  6398 | D:5      | Gained mutation: You have sharp toenails. [hidden
                  | potential]
  6423 | D:5      | XOM: summons 4 hostile demons
  6750 | D:5      | XOM: give mutations
  6750 | D:5      | Gained mutation: You are dopey. (Int -2) [Xom's mischief]
  6750 | D:5      | Gained mutation: You are frail. (-10% HP) [Xom's mischief]
  6782 | D:5      | XOM: give mutations
  6782 | D:5      | Lost mutation: You have hidden genetic potential. [Xom's
                  | mischief]
  6782 | D:5      | Lost mutation: Your muscles are strong. (Str +2) [Xom's
                  | mischief]
  6782 | D:5      | Gained mutation: Armour fits poorly on your strangely
                  | shaped body. [Xom's mischief]
  6782 | D:5      | Gained mutation: You sometimes lose the ability to read
                  | scrolls when taking damage. [Xom's mischief]
  7392 | D:5      | Reached skill level 11 in Axes
  7574 | D:6      | Found a glowing drain.
  7578 | Sewer    | Entered a sewer
  7789 | Sewer    | XOM: god gift: scroll labelled DYOCUM FIFITH {god gift}
  7790 | Sewer    | Reached XP level 8. HP: 15/57 MP: 7/7
  8172 | Sewer    | XOM: cast spell 'Summon Dragon'
  8371 | Sewer    | XOM: summons 3 friendly demons
  8377 | Sewer    | Reached skill level 12 in Axes
  8554 | Sewer    | XOM: 3-stop teleportation journey
  8841 | Sewer    | XOM: summons 1 hostile demon
  8871 | Sewer    | XOM: summons 2 friendly demons
  9067 | Sewer    | XOM: confuse monster(s)
  9113 | Sewer    | Reached skill level 13 in Axes
  9297 | Sewer    | XOM: summons 2 hostile shadow creatures
  9432 | Sewer    | XOM: silly message
  9586 | Sewer    | XOM: polymorph river rat -> frilled lizard
  9947 | Sewer    | XOM: torment (30/57 hp)
 10189 | D:6      | XOM: noise
 10269 | D:6      | Found a white marble altar of Elyvilon.
 10394 | D:6      | Reached XP level 9. HP: 63/63 MP: 8/8
 10398 | D:6      | Reached skill level 5 in Armour
 10422 | D:6      | XOM is BORED!
 10422 | D:6      | XOM: noise
 10441 | D:6      | XOM: silly message
 10523 | D:6      | Noticed Edmund
 10523 | D:6      | XOM: cast spell 'Cause Fear'
 10530 | D:6      | XOM: divination: detect items
 10540 | D:6      | Killed Edmund
 10671 | D:6      | XOM: silly message
 10720 | D:6      | Reached skill level 1 in Maces & Flails
 10857 | D:6      | Found a radiant altar of Vehumet.
 11074 | D:6      | Noticed Blork the orc
 11086 | D:6      | Killed Blork the orc
 11480 | D:6      | Found a broken altar of Ashenzari.
 11578 | D:6      | XOM is BORED!
 11581 | D:6      | Noticed Maggie
 11595 | D:6      | XOM: noise
 11606 | D:6      | Killed Maggie
 11607 | D:6      | Reached skill level 5 in Maces & Flails
 11670 | D:6      | XOM: 8-stop teleportation journey
 11768 | D:6      | XOM: silly message
 11941 | D:6      | Noticed Sigmund
 11949 | D:6      | Killed Sigmund
 12120 | D:6      | Found a glowing golden altar of the Shining One.
 12262 | D:7      | Noticed Pikel
 12262 | D:7      | XOM: 2-stop teleportation journey
 12280 | D:7      | XOM: 2-stop teleportation journey
 12334 | D:7      | XOM: god gift: 26 gold pieces
 12574 | D:7      | Noticed Pikel
 12574 | D:7      | Pikel changed into Pikel the tengu
 12574 | D:7      | XOM: polymorph Pikel -> Pikel the tengu
 12578 | D:7      | Killed Pikel the tengu
 12685 | D:7      | Noticed Prince Ribbit
 12698 | D:7      | XOM: fog
 12708 | D:7      | HP: 1/63 [Prince Ribbit (10)]
 12710 | D:7      | Mangled by Prince Ribbit

Illustrated notes

Levels and vault maps discovered:
D:1:      matt_arrival_spirals, layout_loops_ring, serial_shops, shop
D:2:      layout_loops_ring
D:3:      layout_basic, nicolae_ru_awakened_eye, cheibrodos_gnoll_hut
D:4:      layout_gridville, cheibrodos_worm_habitat, overflow_temple_1_default,
          minmay_temple_entry_drinking_statues, hangedman_abyss_or_decor_passed,
          roderic_batcave
D:5:      layout_basic
D:6:      layout_loops_corners, lemuel_round_altar, tso_altar,
          nicolae_elyvilon_peaceful_grove, mainiacjoe_overflow_six_doors_small,
          gup_sewer_entry_bowl, hangedman_decor_opposing, uniq_edmund,
          uniq_blork_the_orc, uniq_sigmund, uniq_maggie
D:7:      layout_basic, enter_bailey_4, uniq_pikel, uniq_prince_ribbit1

Skill      XL: |  1  2  3  4  5  6  7  8  9 |
---------------+----------------------------+-----
Axes           | 4 5 6 7 8 9 11 13 | 13.7
Armour         | 4 5 |  5.7
Maces & Flails | 7 |  7.9
Fighting       | |  3.6
Dodging        | |  1.1

Action                   |  1- 3 |  4- 6 |  7- 9 || total
-------------------------+-------+-------+-------++-------
Melee: Hand axe          |    74 |   161 |   230 ||   465
       Headbutt          |    12 |    21 |    54 ||    87
       Punch             |     1 |     1 |     3 ||     5
       Kick              |       |       |    14 ||    14
       Flail             |       |       |    99 ||    99
Throw: Dart              |       |       |    81 ||    81
  Use: Potion            |       |     2 |     2 ||     4
       Scroll            |       |       |    15 ||    15
 Stab: Confused          |     1 |       |       ||     1
       Sleeping          |       |       |     1 ||     1
Armor: Leather armour    |    32 |    32 |       ||    64
       Skin              |       |    27 |       ||    27
       Scale mail        |       |    27 |       ||    27
       Plate armour      |       |       |   103 ||   103
Dodge: Dodged            |    38 |    92 |    65 ||   195

Table legend: (Time is in decaauts)
 A = Elapsed time spent in this place.
 B = Non-inter-level travel time spent in this place.
 C = Inter-level travel time spent in this place.
 D = Time resting spent in this place.
 E = Time spent auto-exploring this place.
 F = Levels seen in this place.
 G = Mean time per level.
                   A        B        C        D        E       F      G
               +--------+--------+--------+--------+--------+-----+--------+
         Total |  12836 |  12500 |    336 |   5082 |   5482 |   8 | 1604.5 |
       Dungeon |  10075 |   9739 |    336 |   3679 |   4514 |   7 | 1439.3 |
         Sewer |   2760 |   2760 |      0 |   1403 |    968 |   1 | 2760.0 |
               +--------+--------+--------+--------+--------+-----+--------+

Top non-repeatable levels by time:
   Sewer: 2760 daAuts
     D:3: 2323 daAuts
     D:6: 2100 daAuts
     D:4: 1631 daAuts
     D:2: 1334 daAuts
     D:5: 1328 daAuts
     D:1: 888 daAuts
     D:7: 470 daAuts
